AoeStats
← fat_dgk

Black Forest

508136070Analyzed
4v4 RM · 12d ago on Sep 21, 2026· 51m 8s· 8 players
Game mode
Random Map
Map size
Large (8 player)
Population
200
Speed
Normal
Resources
Standard
Victory
Conquest
Starting age
Dark Age
Ending age
Imperial Age
RankedLock teamsTeams togetherTeam positionsShared explorationLock speedFull tech treeHidden civsTurbo modeCheats
Victory
Defeat
🇦🇷 Ethiopians · Argentina
1285
+12
🇯🇵 Mongols · Japan
1221
+14
🇦🇷 Georgians · Argentina
1218
+15
🇦🇷 Persians · Argentina
1204
+15
🇧🇷 Lithuanians · Brazil
1216
-15
🇨🇱 Poles · Chile
1193
-14
🇺🇸 Britons · United States
1184
-14
🇧🇷 Tupi · Brazil
1157
-13
Chef
0:44 Loom
17:15 Feudal Age
23:09 Castle Age
21:26 Double-Bit Axe
24:34 Wheelbarrow
25:29 Bow Saw
31:19 Fishing Lines
34:31 Gillnets
39:12 Imperial Age
37:22 Fletching
37:32 Padded Archer Armor
38:36 Bodkin Arrow
39:27 Yeomen
40:16 Leather Archer Armor
40:24 Ballistics
41:05 Chemistry
40:20 Masonry
40:31 Masonry
40:19 Gold Mining
41:00 Bracer
41:31 Ring Archer Armor
42:15 Two-Man Saw
41:26 Scale Barding Armor
41:34 Forging
41:11 Crossbowman
41:44 Arbalester
fat_dgk
11:24 Feudal Age
15:12 Castle Age
13:47 Double-Bit Axe
14:37 Horse Collar
19:48 Heavy Plow
21:30 Fletching
23:28 Wheelbarrow
24:09 Bodkin Arrow
25:57 Bow Saw
29:36 Imperial Age
26:59 Loom
27:17 Padded Archer Armor
27:21 Crossbowman
28:09 Thumb Ring
28:31 Gold Mining
28:33 Stone Mining
29:42 Leather Archer Armor
31:32 Chemistry
30:35 Bracer
30:05 Arbalester
32:07 Ballistics
33:24 Crop Rotation
33:34 Conscription
34:01 Treadmill Crane
35:28 Scale Barding Armor
35:34 Forging
37:13 Chain Barding Armor
38:08 Iron Casting
39:36 Siege Engineers
41:39 Bloodlines
40:51 Light Cavalry
41:34 Husbandry
41:14 Elite Skirmisher
42:50 Winged Hussar
43:52 Lechitic Legacy
45:49 Bombard Tower
49:14 Elite Obuch
nborgesfilho
0:26 Loom
9:01 Loom
11:00 Feudal Age
15:31 Castle Age
13:35 Double-Bit Axe
19:18 Fishing Lines
19:37 Horse Collar
20:22 Gillnets
22:04 Wheelbarrow
25:37 Bloodlines
25:28 Husbandry
26:10 Hand Cart
29:02 Imperial Age
27:47 Forging
28:10 Bloodlines
28:01 Husbandry
28:07 Scale Barding Armor
29:06 Iron Casting
28:28 Fletching
29:00 Ballistics
28:42 Stone Mining
28:43 Gold Mining
29:46 Chain Barding Armor
30:32 Bow Saw
30:08 Elite Leitis
31:29 Conscription
31:47 Plate Barding Armor
31:09 Bodkin Arrow
32:26 Bracer
32:28 Padded Archer Armor
36:17 Chemistry
40:27 Masonry
40:13 Murder Holes
43:42 Scale Mail Armor
44:03 Pikeman
44:43 Squires
44:29 Arson
47:15 Chain Mail Armor
50:05 Stone Shaft Mining
NobregaPF
0:58 Loom
12:35 Feudal Age
17:01 Castle Age
15:09 Double-Bit Axe
20:58 Horse Collar
24:25 Bow Saw
25:47 Heavy Plow
26:53 Wheelbarrow
32:50 Imperial Age
30:42 Hand Cart
30:23 Gold Mining
30:24 Stone Mining
30:33 Fletching
31:00 Padded Archer Armor
32:14 Ballistics
32:50 Gold Shaft Mining
32:37 Caravan
32:53 Bodkin Arrow
34:01 Curare
35:51 Two-Man Saw
35:26 Conscription
36:49 Chemistry
36:07 Leather Archer Armor
35:57 Elite Blackwood Archer
36:43 Squires
36:31 Arson
37:00 Forging
36:50 Scale Mail Armor
37:27 Treadmill Crane
37:23 Champi Runner
37:27 Pikeman
39:00 Iron Casting
38:52 Halberdier
38:53 Champi Warrior
40:28 Chain Mail Armor
40:24 Caciques
41:26 Bracer
42:00 Ring Archer Armor
42:40 Hoardings
42:59 Coinage
42:36 Onager
Ipower
1:03 Loom
12:42 Feudal Age
16:31 Castle Age
14:30 Double-Bit Axe
15:11 Horse Collar
17:31 Bow Saw
25:36 Wheelbarrow
25:01 Fishing Lines
27:10 Hand Cart
28:26 Fortified Wall
28:32 Masonry
28:47 Town Watch
29:23 Heavy Plow
32:27 Imperial Age
31:26 Caravan
33:09 Royal Heirs
33:01 Fletching
33:11 Scale Mail Armor
33:22 Forging
33:14 Town Patrol
32:41 Onager
32:52 Elite Shotel Warrior
33:54 Conscription
35:02 Chemistry
34:22 Ballistics
35:18 Chain Mail Armor
34:59 Bodkin Arrow
35:54 Siege Onager
38:06 Torsion Engines
37:39 Siege Onager
37:47 Halberdier
38:28 Squires
38:47 Herbal Medicine
39:47 Iron Casting
42:20 Blast Furnace
41:50 Plate Mail Armor
42:02 Architecture
41:40 Siege Engineers
46:41 Bracer
sada-aki
9:57 Loom
11:42 Feudal Age
12:33 Double-Bit Axe
16:13 Castle Age
17:22 Bow Saw
20:17 Horse Collar
24:04 Caravan
26:59 Gold Mining
29:59 Imperial Age
29:03 Wheelbarrow
30:18 Capped Ram
30:21 Heavy Scorpion
32:05 Chemistry
31:26 Ballistics
31:26 Hand Cart
32:15 Drill
31:59 Siege Ram
33:53 Siege Engineers
Pepe :)
9:42 Loom
12:16 Feudal Age
16:25 Castle Age
16:19 Double-Bit Axe
24:18 Horse Collar
25:08 Bow Saw
27:18 Heavy Plow
28:47 Wheelbarrow
31:39 Imperial Age
29:32 Stone Mining
29:34 Gold Mining
30:08 Scale Barding Armor
30:13 Forging
30:33 Forging
30:33 Caravan
30:46 Husbandry
30:56 Bloodlines
31:22 Hand Cart
30:53 Town Watch
31:49 Elite War Elephant
33:02 Chain Barding Armor
33:17 Iron Casting
32:30 Town Watch
33:23 Gold Shaft Mining
33:23 Stone Shaft Mining
32:49 Fishing Lines
34:13 Two-Man Saw
33:50 Iron Casting
33:06 Fletching
34:01 Conscription
34:29 Plate Barding Armor
35:53 Crop Rotation
37:56 Blast Furnace
38:13 Town Patrol
39:13 Squires
42:58 Fletching
43:08 Padded Archer Armor
44:50 Devotion
49:26 Faith
Cap Cobarde
1:45 Loom
15:34 Feudal Age
20:39 Castle Age
18:49 Double-Bit Axe
18:56 Horse Collar
23:12 Heavy Plow
23:25 Bow Saw
23:09 Stone Mining
28:10 Padded Archer Armor
31:58 Wheelbarrow
34:47 Imperial Age
33:36 Fortified Wall
33:48 Hand Cart
33:19 Town Watch
35:16 Gold Mining
36:36 Chemistry
36:26 Conscription
36:21 Fletching
36:48 Leather Archer Armor
37:34 Capped Ram
37:43 Onager
38:38 Fletching
38:55 Scale Barding Armor
39:00 Forging
42:47 Town Patrol
43:54 Chain Barding Armor
44:10 Iron Casting
44:23 Elite Monaspa
45:40 Plate Barding Armor
46:57 Bodkin Arrow
48:20 Siege Engineers
48:25 Masonry
48:45 Elite Skirmisher
50:38 Blast Furnace
49:39 Bracer
Connection lost

Rejoining the realm…

Still unreachable

The connection could not be restored.

Session expired

The server has moved on; the page needs a fresh start.